 Dungeon Crawl Stone Soup version 0.17.0-23-g0de4337 (console) character file.

1917 nht the Basher (level 9, -1/80 HPs)
             Began as an Ogre Enchanter on Nov 14, 2015.
             Was a Follower of Trog.
             Slain by a hippogriff (5 damage)
             ... on level 8 of the Dungeon.
             The game lasted 00:15:11 (8281 turns).

nht the Basher (Ogre Enchanter)                     Turns: 8281, Time: 00:15:11

Health: -1/80      AC:  6    Str: 18    XL:     9   Next: 16%
Magic:  12/12      EV: 10    Int: 14    God:    Trog [*.....]
Gold:   179        SH:  0    Dex: 10    Spells: 0 memorised, 12 levels left

rFire  . . .     SeeInvis .     a - +1 flail
rCold  . . .     Clarity  .     w - +0 robe (curse)
rNeg   . . .     SustAt   .     (no shield)
rPois  .         Gourm    .     (helmet restricted)
rElec  .         Spirit   .     (no cloak)
rCorr  .         Warding  .     (gloves unavailable)
rMut   .         Stasis   .     (boots unavailable)
MR     +....                    k - amulet of rage
Stlth  ++........               p - ring of protection from magic
                                j - +3 ring of protection

@: somewhat resistant to hostile enchantments, unstealthy
A: unfitting armour, tough skin 1
a: Berserk, Burn Spellbooks, Renounce Religion, Evoke Berserk Rage


You were on level 8 of the Dungeon.
You worshipped Trog.
Trog was aware of your devotion.
You were not hungry.

You visited 2 branches of the dungeon, and saw 9 of its levels.

You collected 445 gold pieces.
You spent 266 gold pieces at shops.

Inventory:

Hand Weapons
 a - a +1 flail (weapon)
 i - a +0 giant club
Missiles
 f - 16 poisoned needles
 l - 5 needles of paralysis
 v - 2 throwing nets (quivered)
Armour
 b - a +2 robe
 w - a cursed +0 robe (worn)
Jewellery
 j - a +3 ring of protection (left hand)
 k - an amulet of rage (around neck)
 m - an uncursed amulet of warding
 p - a ring of protection from magic (right hand)
 s - an uncursed ring of positive energy
Wands
 c - a wand of flame (25)
 y - a wand of digging (5)
Scrolls
 e - 4 scrolls of identify
 g - 3 scrolls of remove curse
 h - 5 scrolls of recharging
 n - 2 scrolls of enchant armour
 t - 2 scrolls of blinking
Potions
 r - a potion of heal wounds
 u - a potion of curing
 x - a potion of haste
 A - a potion of poison {unknown}
Comestibles
 d - 10 bread rations
 o - 2 meat rations
 q - a beef jerky
 z - 3 fruits


   Skills:
 - Level 2.9 Fighting
   Level 0.5 Short Blades
 + Level 14.0 Maces & Flails
 - Level 1.7 Dodging
 - Level 2.4 Stealth
 - Level 2.4 Spellcasting
   Level 2.1 Hexes


You had 12 spell levels left.
You didn't know any spells.

Dungeon Overview and Level Annotations

Branches:
Dungeon (8/15)             Temple (1/1) D:7
   Lair: D:8-11

Altars:
Ashenzari
Cheibriados
Dithmenos
Elyvilon
Fedhas
Gozag
Kikubaaqudgha
Makhleb
Okawaru
Qazlal
Ru
Sif Muna
Trog
Vehumet
Xom
Yredelemnul
Zin
The Shining One

Shops:
D:6 [   D:7 !


Innate Abilities, Weirdness & Mutations

You are too large for most types of armour.
You have tough skin (AC +1).


Message History

You hit the hippogriff.
The hippogriff is almost dead.
The hippogriff bites you but does no damage.
The hippogriff pecks you.
* * * LOW HITPOINT WARNING * * *
The hippogriff closely misses you.
You barely miss the hippogriff.
The hippogriff is almost dead.
The hippogriff bites you.
* * * LOW HITPOINT WARNING * * *
The hippogriff closely misses you. The hippogriff claws you.
* * * LOW HITPOINT WARNING * * *
You barely miss the hippogriff.
The hippogriff is almost dead.
You completely miss the hippogriff.
The hippogriff is almost dead.
The hippogriff bites you!
* * * LOW HITPOINT WARNING * * *
The hippogriff pecks you.
You die...

█.....█ █.....█
█.....█ ███.███
██.████ █......
██████..████ ██
██████.......████ %.
██.......███......
██.█....?.....█..████
█..H@h...............
█..█..█..█..█.██..███
.... █..█..█....(...█
..██
..........█.███.█ █
..████..████.█ .█ █..
...█ . █. ..... .. █
██ ....█. .. .. .. ██


You could see a hippogriff and a wolf.

Vanquished Creatures
  A spriggan (D:7)
  A hungry ghost (D:7)
  An ice beast (D:8)
  An ogre (D:6)
  An orc warrior (D:8)
  A centaur (D:6)
  A gnoll sergeant (D:3)
  2 giant frogs
  2 scorpions
  3 wights (D:6)
  An electric eel (D:6)
  A crimson imp (D:7)
  4 hounds
  A gnoll shaman (D:4)
  3 orc wizards
  A giant frog zombie (D:5)
  4 jellies
  2 iguanas
  3 worker ants
  A worker ant zombie (D:5)
  9 gnolls
  5 adders
  A shadow imp (D:5)
  4 worms
  4 giant geckos
  18 orcs
  10 bats
  5 giant cockroaches
  17 goblins
  8 hobgoblins
  11 jackals
  2 quokkas
  2 ball pythons (D:3)
  7 giant newts
  13 kobolds
  7 rats
158 creatures vanquished.

Notes
Turn   | Place    | Note
--------------------------------------------------------------
     0 | D:1      | nht the Ogre Enchanter began the quest for the Orb.
     0 | D:1      | Reached XP level 1. HP: 16/16 MP: 3/3
    31 | D:1      | Reached skill level 1 in Fighting
    62 | D:1      | Reached XP level 2. HP: 16/28 MP: 5/5
   348 | D:1      | Reached skill level 1 in Maces & Flails
   386 | D:1      | Reached XP level 3. HP: 32/36 MP: 6/6
  1269 | D:2      | Reached skill level 3 in Maces & Flails
  1445 | D:2      | Reached XP level 4. HP: 44/44 MP: 7/7
  2005 | D:3      | Reached skill level 4 in Maces & Flails
  2036 | D:3      | Noticed a gnoll sergeant
  2235 | D:4      | Reached skill level 5 in Maces & Flails
  2235 | D:4      | Reached XP level 5. HP: 3/52 MP: 8/8
  2543 | D:4      | Found a sacrificial altar of Ru.
  2638 | D:4      | Reached skill level 6 in Maces & Flails
  3019 | D:3      | Reached XP level 6. HP: 19/59 MP: 9/9
  3856 | D:4      | Found a glowing silver altar of Zin.
  3881 | D:4      | Found a blossoming altar of Fedhas.
  3899 | D:4      | Reached skill level 7 in Maces & Flails
  4431 | D:5      | Entered Level 5 of the Dungeon
  4575 | D:5      | Reached skill level 8 in Maces & Flails
  4905 | D:5      | Reached XP level 7. HP: 44/66 MP: 10/10
  5134 | D:5      | You fall through a shaft for 2 floors!
  5171 | D:7      | Reached skill level 9 in Maces & Flails
  5259 | D:7      | Found a staircase to the Ecumenical Temple.
  5268 | Temple   | Entered the Ecumenical Temple
  5330 | Temple   | Became a worshipper of Trog the Wrathful
  5386 | D:7      | Found Ysug's Distillery.
  5392 | D:7      | Bought a potion of degeneration for 14 gold pieces
  5392 | D:7      | Bought a potion of lignification for 42 gold pieces
  5392 | D:7      | Bought a potion of heal wounds for 70 gold pieces
  5392 | D:7      | Bought a potion of haste for 140 gold pieces
  5473 | D:7      | Found a shattered altar of Ashenzari.
  5792 | D:6      | Found an iron altar of Okawaru.
  5972 | D:3      | Killed a gnoll sergeant
  5972 | D:3      | Reached skill level 10 in Maces & Flails
  6236 | D:3      | Found a burning altar of Makhleb.
  6832 | D:6      | Reached skill level 11 in Maces & Flails
  6832 | D:6      | Reached XP level 8. HP: 44/74 MP: 11/11
  7361 | D:6      | Found Ceeroh's Antique Armour Shoppe.
  7491 | D:6      | Reached skill level 12 in Maces & Flails
  7599 | D:7      | Noticed a spriggan baker
  7606 | D:7      | Killed a spriggan baker
  7649 | D:7      | Noticed a hungry ghost
  7661 | D:7      | Killed a hungry ghost
  7802 | D:7      | Reached skill level 13 in Maces & Flails
  8004 | D:8      | Reached XP level 9. HP: 55/80 MP: 12/12
  8065 | D:8      | Reached * piety under Trog
  8247 | D:8      | Reached skill level 14 in Maces & Flails
  8281 | D:8      | HP: 4/80 [hippogriff (7)]
  8281 | D:8      | Slain by a hippogriff

Action                   |  1- 3 |  4- 6 |  7- 9 || total
-------------------------+-------+-------+-------++-------
Melee: Dagger            |   165 |   240 |       ||   405
       Flail             |       |   171 |   242 ||   413
Invok: Berserk           |       |       |     1 ||     1
 Abil: Evoke Berserk Rag |       |       |     2 ||     2
Evoke: Wand              |       |       |     2 ||     2
  Use: Potion            |       |     5 |     1 ||     6
       Scroll            |       |     5 |     7 ||    12
 Stab: Sleeping          |     5 |     4 |     1 ||    10
  Eat: Chunk             |     2 |     9 |    17 ||    28
       Fruit             |       |     1 |     1 ||     2
